 Dungeon Crawl Stone Soup version 0.31.0-32-g396128a36d (webtiles) character file.

Game seed: 12075850858975807209

414 TerraPolaris the Ruffian (level 6, -1/61 HPs)
             Began as a Troll Fighter on Apr 14, 2024.
             Slain by an orc
             ... wielding a +2 vampiric trident
              (7 damage)
             ... on level 5 of the Dungeon.
             The game lasted 00:17:20 (3561 turns).

TerraPolaris the Ruffian (Troll Fighter)            Turns: 3561, Time: 00:17:21

Health: -1/61      AC:  4    Str: 25    XL:     6   Next: 60%
Magic:  5/5        EV:  9    Int:  4    God:
Gold:   196        SH:  8    Dex: 11    Spells: 5/5 levels left

rFire   . .          .
                       - Unarmed
rCold   . . .        b - +0 kite shield
rNeg    + . .        a - +0 robe
rPois   .            (helmet restricted)
rElec   .            (no cloak)
rCorr   .            (gloves unavailable)
SInv    .            (boots unavailable)
Will    .....        (no amulet)
Stlth   +            l - ring of positive energy
HPRegen 1.10/turn    (no ring)
MPRegen 0.09/turn

%: no passive effects
@: no status effects
A: large, unfitting armour, claws 3, regeneration 1, shaggy fur 1, tough skin 1
a: no special abilities


You were on level 5 of the Dungeon.
You visited 1 branch of the dungeon, and saw 5 of its levels.

You collected 196 gold pieces.

Inventory:

Armour
 a - a +0 robe (worn)
 b - a +0 kite shield (worn)
Jewellery
 g - an amulet of reflection
 l - a ring of positive energy (left claw)
Scrolls
 h - a scroll of vulnerability
 k - 2 scrolls of amnesia
 n - a scroll of teleportation {unknown}
Potions
 c - 2 potions of might
 d - a potion of heal wounds {unknown}
 e - a potion of ambrosia {unknown}
 f - 2 potions of mutation
 i - 2 potions of cancellation {unknown}
 j - a potion of enlightenment {unknown}
 m - 2 potions of curing {unknown}


   Skills:
 + Level 3.5 Fighting
 + Level 3.5 Dodging
 + Level 3.9 Shields
 * Level 4.6 Unarmed Combat


You had 5 spell levels left.
You didn't know any spells.
Your spell library contained the following spells:

 Spells                   Type           Power      Damage    Failure   Level
 Apportation              Tloc           0%         N/A       75%         1
 Necrotise                Necr           0%         1d4       75%         1
 Sting                    Conj/Alch      0%         1d3       75%         1
 Summon Small Mammal      Summ           0%         N/A       75%         1


Dungeon Overview and Level Annotations

Branches:
Dungeon (5/15)
 Temple: D:4-7

Altars:
Ashenzari
The Shining One

Shops:
D:3 *


Innate Abilities, Weirdness & Mutations

You are too large for most types of armour.
You have claws for hands.
Your natural rate of healing is unusually fast.
You are covered in fur. (AC +1)
You have tough skin. (AC +1)


Message History

You block the orc's attack.
The orc wizard attacks as it pursues you!
The orc wizard hits you with a +0 dagger.
The orc priest calls down the wrath of Beogh upon you.
Beogh smites you! The orc hits you with a +0 falchion.
The orc moves out of view.
The orc shouts!
Items here: )) [[ †.
You barely miss the orc. You block the orc priest's attack.
You block the orc's attack.
The orc hits you from afar with a +2 vampiric trident!
The orc barely misses you. The orc wizard barely misses you.
You scratch the orc.
The orc is heavily wounded.
The orc priest hits you with a +0 whip. The orc hits you with a +0 falchion.
You block the orc's attack. The orc barely misses you.
The orc wizard gestures wildly while chanting.
The orc wizard flickers and vanishes!
Deactivating autopickup; reactivate with Ctrl-A.
You block the orc's attack. x2
The orc priest mumbles some strange prayers to Beogh against you.
Beogh smites you!
* * * LOW HITPOINT WARNING * * *
The orc attacks as it pursues you! You block the orc's attack.
You claw the orc!
You kill the orc!
You scratch the orc priest.
The orc priest is almost dead.
The orc priest completely misses you. The orc closely misses you.
You claw the orc priest!
You kill the orc priest!
A bombardier beetle comes into view.
The orc hits you from afar with a +2 vampiric trident!
* * * LOW HITPOINT WARNING * * *
You claw the orc!
You kill the orc!
The orc barely misses you.
You barely miss the orc.
The orc hits you from afar with a +2 vampiric trident!
You die...

##......#
#.....### ..
#.....# ...
#...).#
#######..
#.....# #....B.#
####.## #...!..#
#.....# #......#
#.....###o.....#
#......@oo)....#
#.....###{....##
####### #.#...#
#.#.....#
#.#.....#
#.#.......
#.####....# #..
_#.....


You could see a bombardier beetle and 3 orcs.

Vanquished Creatures
  Edmund (D:4)
  A phantom (D:5)
  An orc priest (D:5)
  2 orc wizards (D:5)
  6 adders
  4 dart slugs
  3 ribbon worms
  5 orcs
  4 ball pythons
  6 endoplasms
  3 giant cockroaches
  7 goblins
  9 hobgoblins
  7 jackals
  8 kobolds
  6 quokkas
  4 bats
  3 frilled lizards
  3 rats
83 creatures vanquished.

Notes
Turn   | Place    | Note
-------+----------+-------------------------------------------
     0 | D:1      | TerraPolaris the Troll Fighter began the quest for the Orb.
     0 | D:1      | Reached XP level 1. HP: 22/22 MP: 0/0
   193 | D:1      | Reached XP level 2. HP: 28/29 MP: 1/1
   862 | D:2      | Reached XP level 3. HP: 36/36 MP: 2/2
  1160 | D:2      | Found a faded altar of an unknown god.
  1171 | D:2      | Got Plato's Collected Works on the Prime Beaker
  2042 | D:3      | Reached skill level 3 in Unarmed Combat
  2042 | D:3      | Reached XP level 4. HP: 44/44 MP: 3/3
  2465 | D:3      | Found Tuudoppo's Assorted Antiques.
  3144 | D:4      | Reached XP level 5. HP: 53/53 MP: 4/4
  3263 | D:4      | Found a glowing golden altar of the Shining One.
  3376 | D:4      | Noticed Edmund
  3401 | D:4      | Killed Edmund
  3402 | D:4      | Reached skill level 4 in Unarmed Combat
  3440 | D:5      | Entered Level 5 of the Dungeon
  3467 | D:5      | Noticed a phantom
  3476 | D:5      | Killed a phantom
  3477 | D:5      | Reached XP level 6. HP: 61/61 MP: 5/5
  3545 | D:5      | Found a broken altar of Ashenzari.
  3561 | D:5      | Slain by an orc

Illustrated notes

Levels and vault maps discovered:
D:1:      amcnicky_arrival_feature_with_door, layout_rooms
D:2:      layout_basic, shapermc_ecumenical_altar_rom_forum,
          minmay_fractal_squares_gapless_5
D:3:      layout_basic, serial_shops, nicolae_shop_tiny_statue_garden
D:4:      layout_rooms, marbit_many_paths, uniq_edmund
D:5:      layout_basic, ashenzari_conservatory_becter, uniq_sigmund

Skill      XL: |  1  2  3  4  5 |
---------------+----------------+-----
Shields        | 3 |  3.9
Unarmed Combat | 3 4 |  4.6
Fighting       | 3 |  3.5
Dodging        | 3 |  3.5

Action                     |  1- 3 |  4- 6 || total
---------------------------+-------+-------++-------
  Melee: Unarmed           |   129 |   128 ||   257
    Use: Scroll            |     2 |     3 ||     5
   Stab: Sleeping          |       |     1 ||     1
 Armour: Robe              |    78 |    91 ||   169
  Dodge: Dodged            |    51 |    69 ||   120
  Block: Kite shield       |    71 |    69 ||   140
